 Dungeon Crawl Stone Soup version 0.30.1-3-gfc49f6343a (webtiles) character file.

Game seed: 7251563320891735278

335 FraterFugae the Cudgeller (level 7, -2/40 HPs)
             Began as a Meteoran Cinder Acolyte on Aug 7, 2023.
             Was a High Priest of Ignis.
             Slain by a bullfrog skeleton (5 damage)
             ... on level 3 of the Dungeon.
             The game lasted 00:15:10 (2101 turns).

FraterFugae the Cudgeller (Meteoran Cinder Acolyte) Turns: 2101, Time: 00:15:11

Health: -2/40      AC:  7    Str: 17    XL:     7   Next: 10%
Magic:  10/10      EV: 11    Int: 22    God:    Ignis [*****.]
Gold:   197        SH:  0    Dex: 10    Spells: 6/8 levels left

rFire   + . .        a - -1 mace (flame)
rCold   . . .        (no shield)
rNeg    . . .        l - +0 ring mail
rPois   .            c - +0 helmet
rElec   .            (no cloak)
rCorr   +            (no gloves)
SInv    .            m - +0 pair of boots
Will    .....        b - amulet of magic regeneration Stlth
                     r - ring of resist corrosion
HPRegen 0.26/turn    s - +6 ring of intelligence
MPRegen 0.52/turn

%: no passive effects
@: glowing, bezotted
A: sense surroundings 1, otherworldly, glowing, explore regen
a: Renounce Religion, Fiery Armour, Foxfire Swarm, Rising Flame


You were on level 3 of the Dungeon.
You worshipped Ignis.
Ignis was extremely pleased with you.
You visited 1 branch of the dungeon, and saw 3 of its levels.

You collected 197 gold pieces.

Inventory:

Hand Weapons
 a - a -1 mace of flaming (weapon)
 f - a +0 dagger
 o - a +1 dagger of venom
Missiles
 e - 27 stones (quivered)
 x - 6 poisoned darts
Armour
 c - a +0 helmet (worn)
 l - a +0 ring mail (worn)
 m - a +0 pair of boots (worn)
Jewellery
 b - an amulet of magic regeneration (around neck)
 r - a ring of resist corrosion (left hand)
 s - a +6 ring of intelligence (right hand)
Wands
 v - a wand of acid (6)
Scrolls
 d - 3 scrolls of immolation
 h - 3 scrolls of teleportation {unknown}
 j - a scroll of identify
Potions
 g - a potion of lignification {unknown}
 i - 3 potions of brilliance
 k - a potion of cancellation {unknown}
 n - a potion of haste {unknown}
 p - a potion of invisibility {unknown}
 q - a potion of might {unknown}
 t - 2 potions of flight
 u - a potion of heal wounds {unknown}
 w - a potion of magic {unknown}


   Skills:
 + Level 4.5 Fighting
 * Level 6.6 Maces & Flails
 + Level 3.0 Armour
 + Level 3.0 Dodging
 - Level 1.3 Spellcasting
 + Level 3.8 Fire Magic


You had 6 spell levels left.
You knew the following spells:

 Your Spells              Type           Power      Damage    Failure   Level
a - Scorch                Fire           36%        2d6       9%          2

Your spell library contained the following spells:

 Spells                   Type           Power      Damage    Failure   Level
 Beastly Appendage        Tmut           2%         N/A       26%         1
 Sting                    Tmut/Pois      4%         1d3       26%         1
 Blink                    Tloc           2%         N/A       36%         2
 Lesser Beckoning         Tloc           2%         N/A       36%         2
 Momentum Strike          Conj/Tloc      2%         3d8       36%         2
 Poisonous Vapours        Pois/Air       2%         N/A       36%         2
 Wereblood                Tmut           1%         N/A       36%         2
 Spider Form              Tmut/Pois      1%         N/A       61%         3
 Olgreb's Toxic Radiance  Pois           1%         N/A       95%         4


Dungeon Overview and Level Annotations

Branches:
Dungeon (3/15) Zot: 71

Altars:
Dithmenos
Makhleb

Annotations:
D:3 3 transporters, Drain's ghost, weakling OpCj


Innate Abilities, Weirdness & Mutations

You passively map a small area around you.
You are easily found by Zot.
You glow in the dark.
You regain HP and MP as you explore.


Message History

The bullfrog skeleton hits you but does no damage.
The bullfrog skeleton misses you. Drain's ghost casts a spell at you.
The magic dart hits you but does no damage.
The water moccasin skeleton bites you.
The bullfrog skeleton closely misses you.
You hit Drain's ghost. You burn Drain's ghost.
Drain's ghost is lightly damaged.
The bullfrog skeleton closely misses you.
Drain's ghost barely misses you.
The water moccasin skeleton closely misses you.
The bullfrog skeleton hits you. The wyvern zombie barely misses you.
The bullfrog skeleton hits you.
You closely miss Drain's ghost.
Drain's ghost is lightly damaged.
Drain's ghost casts a spell at you. The magic dart hits you.
The water moccasin skeleton barely misses you.
The bullfrog skeleton hits you but does no damage.
The wyvern zombie bites you but does no damage.
The bullfrog skeleton hits you.
You sock Drain's ghost! You burn Drain's ghost.
Drain's ghost is severely damaged.
The bullfrog skeleton closely misses you.
The water moccasin skeleton bites you but does no damage.
The wyvern zombie bites you but does no damage.
Drain's ghost barely misses you. The bullfrog skeleton hits you.
* * * LOW HITPOINT WARNING * * *
The water moccasin skeleton bites you but does no damage.
The bullfrog skeleton hits you.
* * * LOW HITPOINT WARNING * * *
You closely miss Drain's ghost.
Drain's ghost is severely damaged.
The wyvern zombie bites you!
* * * LOW HITPOINT WARNING * * *
The bullfrog skeleton hits you but does no damage.
Drain's ghost stares at you and mumbles some strange words.
The magic dart hits you but does no damage.
The bullfrog skeleton hits you.
You die...

.....##..................# #..
.#.#............©........# #..
..........#############..# #..
##........#©..........#..# #..
#........#...........#..# #..
#........#..##...##..#..######..
#........#..#8...8#..#..........
#........#..##ZZZ##..#.........#
##........#....Z@W....#..........
..........#..##...##..#..........
##........#?.#8...8#..#..........
##........#..##...##..#..........
##........#...........#..........
##........#.....[$...Z#.........#
###.......#############..........
# ##.......†....©................
# #####.........................


You could see Drain's ghost, a wyvern zombie, a water moccasin skeleton and 2
bullfrog skeletons.

Vanquished Creatures
  Sigmund (D:2)
  Terence (D:3)
  A mummy (D:3)
  4 gnolls
  2 adders (D:2)
  2 worms
  4 dart slugs
  10 endoplasms
  A giant cockroach (D:1)
  7 goblins
  2 hobgoblins
  7 jackals
  3 kobolds
  6 quokkas
  3 ball pythons
  2 bats
  A frilled lizard (D:1)
  6 rats
63 creatures vanquished.

Vanquished Creatures (others)
  15 foxfires (D:2)
15 creatures vanquished.

Grand Total: 78 creatures vanquished

Notes
Turn   | Place    | Note
-------+----------+-------------------------------------------
     0 | D:1      | FraterFugae the Meteoran Cinder Acolyte began the quest for
                  | the Orb.
     0 | D:1      | Reached XP level 1. HP: 19/19 MP: 3/3
   211 | D:1      | Reached XP level 2. HP: 26/26 MP: 5/5
   384 | D:1      | Found a faded altar of an unknown god.
   492 | D:1      | Glimpsed the power of Zot.
   541 | D:1      | Glimpsed the power of Zot.
   579 | D:1      | Glimpsed the power of Zot.
   589 | D:1      | Touched by the power of Zot.
   610 | D:1      | Reached skill level 1 in Armour
   610 | D:1      | Reached skill level 1 in Dodging
   610 | D:1      | Reached XP level 3. HP: 17/24 MP: 6/6
   686 | D:1      | Glimpsed the power of Zot.
   733 | D:1      | Glimpsed the power of Zot.
   905 | D:2      | Found a shadowy altar of Dithmenos.
   978 | D:2      | Reached XP level 4. HP: 20/33 MP: 7/7
   978 | D:2      | Noticed Sigmund
  1021 | D:2      | Killed Sigmund
  1022 | D:2      | Reached skill level 6 in Maces & Flails
  1022 | D:2      | Reached XP level 5. HP: 38/38 MP: 8/8
  1022 | D:2      | Reached XP level 6. HP: 45/45 MP: 9/9
  1274 | D:2      | Glimpsed the power of Zot.
  1324 | D:2      | Glimpsed the power of Zot.
  1452 | D:3      | Learned a level 2 spell: Scorch
  1459 | D:3      | Found a transporter.
  1493 | D:3      | Found a transporter.
  1610 | D:3      | Found a transporter.
  1612 | D:3      | Noticed Drain's ghost (weakling OpCj)
  1654 | D:3      | Found a burning altar of Makhleb.
  1700 | D:3      | Noticed Terence
  1711 | D:3      | Killed Terence
  1712 | D:3      | Reached XP level 7. HP: 41/52 MP: 10/10
  1874 | D:3      | Glimpsed the power of Zot.
  1924 | D:3      | Glimpsed the power of Zot.
  1964 | D:3      | Glimpsed the power of Zot.
  1974 | D:3      | Touched by the power of Zot.
  2073 | D:3      | Glimpsed the power of Zot.
  2088 | D:3      | Found a transporter.
  2101 | D:3      | Slain by a bullfrog skeleton

Illustrated notes

Levels and vault maps discovered:
D:1:      dpeg_arrival_solitude, layout_basic, nicolae_ecumenical_lake_church,
          chequers_serial_rivers_large_a
D:2:      minmay_angry_zag, layout_basic, basic_altar, minmay_misc_feat_room,
          minivault_14, columned_hall_lemuel, uniq_sigmund
D:3:      gammafunk_steamed_eel, layout_rooms, nicolae_overflow_crystal_walls,
          gammafunk_ghost_mausoleum, chequers_serial_rivers_marsh, hex_large,
          st_stairs_7, minmay_crystal_room, uniq_terence

Skill      XL: |  1  2  3  4  5  6 |
---------------+-------------------+-----
Armour         | 1 2 3 |  3.0
Dodging        | 1 2 3 |  3.0
Fighting       | 4 |  4.5
Maces & Flails | 6 |  6.6
Spellcasting   | |  1.3
Fire Magic     | |  3.8

Action                     |  1- 3 |  4- 6 |  7- 9 || total
---------------------------+-------+-------+-------++-------
  Melee: Mace              |    78 |    12 |     9 ||    99
         Punch             |     1 |     2 |       ||     3
         Dagger            |       |    81 |    35 ||   116
  Throw: Stone             |       |     1 |       ||     1
 Invoke: Foxfire Swarm     |       |     1 |       ||     1
    Use: Scroll            |       |     3 |       ||     3
 Armour: Robe              |    11 |       |       ||    11
         Ring mail         |    19 |    39 |    30 ||    88
  Dodge: Dodged            |    33 |    46 |    27 ||   106
